AoeStats
← Dread Slayer

Baltic

511010362Analyzed
4v4 RM · 10h ago on Oct 3, 2026· 45m 42s· 8 players
Game mode
Random Map
Map size
Large (8 player)
Population
200
Speed
Normal
Resources
Standard
Victory
Conquest
Starting age
Dark Age
Ending age
Imperial Age
RankedLock teamsTeams togetherTeam positionsShared explorationLock speedFull tech treeHidden civsTurbo modeCheats
Victory
Defeat
🇨🇭 Slavs · Switzerland
1259
+15
🇷🇺 Dravidians · Russia
1243
+16
🇷🇴 Burgundians · Romania
1223
+16
🇨🇳 Varangians · China
1216
+16
🇭🇰 Hindustanis · Hong Kong SAR China
1246
-16
🇹🇼 Japanese · Taiwan
1234
-16
1227
-16
🇨🇳 Britons · China
1221
-15
R
7:25 Loom
10:45 Feudal Age
11:01 Man-at-Arms
11:54 Double-Bit Axe
12:49 Arson
18:32 Horse Collar
24:13 Castle Age
23:03 Gold Mining
24:18 Stone Mining
25:06 Fletching
25:25 Thumb Ring
25:53 Bow Saw
27:29 Heavy Plow
29:26 Bodkin Arrow
36:17 Wheelbarrow
你好骚啊
11:17 Feudal Age
15:16 Castle Age
14:25 Double-Bit Axe
14:54 Horse Collar
22:50 Loom
24:54 Wheelbarrow
25:50 Heavy Plow
26:02 Bow Saw
27:28 Gold Mining
27:28 Stone Mining
27:57 Fletching
28:09 Padded Archer Armor
30:41 Imperial Age
27:58 Loom
28:44 Hand Cart
28:40 Stone Mining
28:40 Town Watch
28:54 Bodkin Arrow
29:30 Ballistics
30:04 Gold Shaft Mining
31:07 Town Patrol
32:25 Two-Man Saw
32:31 Chemistry
31:55 Conscription
31:57 Yeomen
32:13 Bracer
32:28 Leather Archer Armor
32:34 Leather Archer Armor
32:42 Elite Longbowman
34:49 Guilds
35:09 Coinage
34:41 Caravan
35:13 Onager
42:42 Ring Archer Armor
imkl
5:43 Loom
12:45 Feudal Age
13:49 Double-Bit Axe
15:11 Horse Collar
19:32 Wheelbarrow
22:27 Castle Age
20:36 Gold Mining
22:21 Bloodlines
22:23 Forging
22:19 Scale Barding Armor
25:02 Heavy Plow
25:47 Bow Saw
28:43 Chain Barding Armor
31:54 Gold Shaft Mining
31:10 Stone Mining
32:05 Iron Casting
32:48 Hand Cart
37:19 Imperial Age
35:17 Fletching
35:02 Light Cavalry
35:42 Husbandry
36:19 Bodkin Arrow
38:08 Stone Shaft Mining
38:50 Conscription
40:00 Blast Furnace
39:36 Plate Barding Armor
39:11 Bracer
38:59 Heavy Camel Rider
45:08 Elite Skirmisher
46:55 Two-Man Saw
电脑人-偷家鸡鸡短三寸-
1:48 Loom
12:23 Feudal Age
15:56 Castle Age
15:58 Wheelbarrow
18:23 Fishing Lines
18:49 Double-Bit Axe
27:18 Gold Mining
27:44 Bow Saw
29:25 Fletching
30:27 Horse Collar
30:56 Gold Mining
32:46 Heavy Plow
33:24 Gold Shaft Mining
33:56 Careening
33:57 Clinker Construction
37:58 Imperial Age
36:32 Hand Cart
36:33 Town Watch
37:07 Treadmill Crane
38:11 Ballistics
38:18 Elite Turtle Ship
40:03 Chemistry
39:10 Siege Engineers
39:26 Dry Dock
39:42 Carvel Hull
39:24 Bodkin Arrow
40:56 Shinkichon
40:56 Conscription
40:49 Heavy Rocket Cart
41:43 Bodkin Arrow
42:57 Bracer
43:10 Elite War Wagon
46:46 Two-Man Saw
Pancho
9:02 Loom
11:07 Feudal Age
17:20 Castle Age
16:01 Double-Bit Axe
15:58 Horse Collar
20:04 Bow Saw
23:09 Wheelbarrow
26:14 Gold Mining
29:24 Imperial Age
27:09 Fletching
27:20 Padded Archer Armor
28:03 Fletching
27:34 Pikeman
28:14 Squires
28:16 Scale Mail Armor
28:26 Forging
29:06 Gold Shaft Mining
30:10 Bodkin Arrow
30:16 Padded Archer Armor
30:32 Chain Mail Armor
30:52 Iron Casting
31:25 Conscription
30:29 Capped Ram
31:18 Caravan
31:12 Halberdier
33:19 Elite Skirmisher
34:30 Leather Archer Armor
37:22 Ballistics
39:21 Ring Archer Armor
40:03 Husbandry
39:23 Cavalier
40:14 Bloodlines
40:16 Light Cavalry
43:36 Cavalier
44:28 Heavy Plow
45:24 Scale Barding Armor
tapaswithtitus
8:09 Loom
10:32 Feudal Age
14:34 Castle Age
15:02 Double-Bit Axe
16:40 Bow Saw
16:29 Fletching
17:16 Fishing Lines
20:01 Gillnets
22:12 Bodkin Arrow
23:54 Wheelbarrow
23:58 Medium Warships
24:01 Scale Barding Armor
24:06 Forging
24:47 Town Watch
26:15 Chain Barding Armor
26:30 Iron Casting
26:16 Horse Collar
29:27 Imperial Age
26:48 Gambesons
27:04 Squires
29:09 Bloodlines
29:02 Husbandry
29:39 Cavalier
30:42 Hand Cart
30:39 Pikeman
32:37 Plate Barding Armor
32:54 Vendel Legacy
34:16 Heavy Plow
37:35 Two-Man Saw
37:07 Crop Rotation
36:29 Gold Mining
36:30 Stone Mining
40:01 Heavy Warships
41:03 Blast Furnace
40:03 Bracer
40:58 Conscription
40:31 Gambesons
40:47 Squires
40:33 Arson
45:39 Murder Holes
46:45 Chemistry
46:06 Ballistics
45:51 Siege Engineers
Pandareeen
8:00 Loom
10:34 Feudal Age
11:01 Double-Bit Axe
21:58 Castle Age
20:09 Gold Mining
21:03 Horse Collar
21:21 Stone Mining
22:26 Fletching
24:41 Bodkin Arrow
24:09 Crossbowman
25:45 Wheelbarrow
28:39 Hand Cart
28:59 Padded Archer Armor
28:42 Pikeman
29:31 Town Watch
34:40 Imperial Age
32:04 Elite Skirmisher
34:49 Leather Archer Armor
37:08 Town Patrol
37:59 Conscription
39:57 Bow Saw
40:52 Medical Corps
41:10 Wootz Steel
41:57 Two-Man Saw
41:40 Halberdier
42:06 Gambesons
42:23 Scale Mail Armor
42:34 Forging
42:30 Scale Barding Armor
43:54 Squires
44:13 Chain Mail Armor
44:33 Iron Casting
44:19 Heavy Plow
44:22 Arson
Dread Slayer
6:13 Double-Bit Axe
12:49 Feudal Age
12:26 Gold Mining
12:31 Loom
12:52 Fishing Lines
14:19 Wheelbarrow
15:06 Bow Saw
15:41 Gold Shaft Mining
16:00 Gillnets
17:21 Forging
20:40 Castle Age
18:50 Horse Collar
20:37 Heavy Plow
20:30 Stone Mining
21:34 Medium Warships
22:39 Two-Man Saw
22:21 Iron Casting
22:50 Careening
23:32 Clinker Construction
25:02 Stone Shaft Mining
28:00 Crop Rotation
31:08 Imperial Age
29:27 Scale Barding Armor
29:11 Treadmill Crane
30:17 Hand Cart
30:10 Fletching
30:40 Chain Barding Armor
30:26 Cavalier
31:57 Husbandry
32:39 Plate Barding Armor
33:05 Blast Furnace
31:54 Town Watch
32:04 Paladin
33:05 Bodkin Arrow
37:37 Heavy Warships
39:08 Bracer
40:39 Siphons
40:05 Light Cavalry
42:40 Incendiaries
44:49 Padded Archer Armor
Connection lost

Rejoining the realm…

Still unreachable

The connection could not be restored.

Session expired

The server has moved on; the page needs a fresh start.